 Dungeon Crawl Stone Soup version 0.21.1-1-g345015f (webtiles) character file.

65023 grindst0ne the Warrior (level 15, -3/129 HPs)
             Began as a Formicid Hunter on Feb 28, 2018.
             Was the Champion of the Shining One.
             Drowned by a drowned soul (16 damage)
             ... summoned by a merfolk avatar
             ... on level 6 of the Lair of Beasts.
             The game lasted 00:42:20 (16619 turns).

grindst0ne the Warrior (Formicid Hunter)           Turns: 16619, Time: 00:42:22

Health: -3/129     AC: 37    Str: 21    XL:     15   Next: 56%
Magic:  29/29      EV: 10    Int: 19    God:    the Shining One [******]
Gold:   781        SH:  0    Dex: 14    Spells: 14/14 levels left

rFire    + . .     SeeInvis +   v - +5 war axe of the Moth {chop, +Fly MP+9 Int+6 Dex-2}
rCold    + . .     Gourm    .   (no shield)
rNeg     + + +     Faith    +   a - +5 gold dragon scales
rPois    +         Spirit   .   (helmet unavailable)
rElec    .         Reflect  .   K - +2 cloak {MR+}
rCorr    .         Harm     .   y - +1 pair of gloves
MR       ++...                  b - +2 pair of boots
Stlth    ..........             A - amulet of faith
HPRegen  0.31/turn              q - +5 ring of protection
MPRegen  0.21/turn              z - ring of flight

@: agile, mesmerised, glowing, very slow
A: permanent stasis, dig shafts and tunnels, four strong arms, antennae 3
a: Dig, Shaft Self, Divine Shield, Cleansing Flame, Summon Divine Warrior, Brand
Weapon With Holy Wrath, Renounce Religion, Evoke Flight


You were on level 6 of the Lair of Beasts.
You worshipped the Shining One.
The Shining One was exalted by your worship.
You were not hungry.

You visited 3 branches of the dungeon, and saw 19 of its levels.
You also visited: Labyrinth, Ossuary, Bailey and Ice Cave.

You collected 1117 gold pieces.
You spent 336 gold pieces at shops.

Inventory:

Hand Weapons
 v - the +5 war axe of the Moth (weapon) {chop, +Fly MP+9 Int+6 Dex-2}
   (You found it on level 5 of the Dungeon)

   It inflicts extra damage upon your enemies.
   It affects your intelligence (+6).
   It affects your dexterity (-2).
   It affects your magic capacity (+9).
   It lets you fly.
 S - the +0 battleaxe of Nahiomn {protect, Stlth+}
   (You found it on level 3 of the Lair of Beasts)

   It protects the one who uses it against injury (+AC on strike).
   It makes you more stealthy.
Missiles
 c - 19 javelins (quivered)
Armour
 a - +5 gold dragon scales (worn)
 b - a +2 pair of boots (worn)
 y - a +1 pair of gloves (worn)
 K - a +2 cloak of magic resistance (worn)
 L - a +0 large shield
Jewellery
 q - a +5 ring of protection (left hand)
 x - an uncursed amulet of regeneration
 z - a ring of flight (right hand)
 A - an amulet of faith (around neck)
Wands
 e - a wand of polymorph (37)
 t - a wand of disintegration (21)
 u - a wand of enslavement (14)
Scrolls
 d - 2 scrolls of fear
 i - 8 scrolls of enchant weapon
 k - 5 scrolls of amnesia
 l - 2 scrolls of magic mapping
 r - 6 scrolls of remove curse
 C - 3 scrolls of fog
 O - a scroll of brand weapon
Potions
 g - 3 potions of brilliance
 j - 8 potions of curing
 m - 6 potions of agility
 n - a potion of might
 o - 2 potions of cancellation
 s - 3 potions of flight
 B - 2 potions of resistance
 G - a potion of magic
Miscellaneous
 D - a lightning rod (inert)
 H - a box of beasts
 R - a phantom mirror
Comestibles
 f - 33 rations
 p - 6 chunks of flesh


   Skills:
 - Level 15.0 Fighting
 + Level 13.1 Axes
 - Level 4.0 Throwing
 - Level 11.1 Armour
 - Level 1.7 Dodging
 - Level 1.2 Stealth
 * Level 12.1 Shields
 - Level 7.0 Invocations
 - Level 6.4 Evocations


You had 14 spell levels left.
You didn't know any spells.

Dungeon Overview and Level Annotations

Branches:
Dungeon (12/15)            Temple (1/1) D:4            Lair (6/6) D:9
 Shoals (0/4) Lair:3        Snake (0/4) Lair:4        Slime (0/5) Lair:5
    Orc (0/2) D:11

Altars:
Cheibriados
Dithmenos
Hepliaklqana
Kikubaaqudgha
Nemelex Xobeh
Ru
Uskayaw
Wu Jian
Xom
Yredelemnul
The Shining One
Beogh

Shops:
D:12 [


Innate Abilities, Weirdness & Mutations

You cannot be hasted, slowed, berserked, paralysed or teleported.
You can dig through walls and to a lower floor.
Your four strong arms can wield two-handed weapons with a shield.
You have a pair of large antennae on your head. (SInv)


Message History

* * * LOW HITPOINT WARNING * * *
You cannot move away from the merfolk avatar!
As you read the scroll of fear, it crumbles to dust.
You assume a fearsome visage.
The rime drake looks frightened!
The drowned soul is unaffected.
The merfolk avatar resists with almost no effort.
The merfolk avatar chants its luring song.
Okay, then.
The merfolk avatar chants its luring song.
The drowned soul touches you. The drowned soul drowns you!
* * * LOW HITPOINT WARNING * * *
The merfolk avatar chants its luring song.
You feel better. The drowned soul touches you. The drowned soul drowns you!
* * * LOW HITPOINT WARNING * * *
The merfolk avatar chants its luring song.
You feel agile all of a sudden.
The merfolk avatar chants its luring song.
The merfolk avatar chants its luring song.
The drowned soul touches you. The drowned soul drowns you!
You die...

P≈#.≈ .. ≈≈≈≈ ..
#############≈≈≈≈≈......
.≈P≈≈≈≈≈≈≈≈8#≈≈##≈......
≈P≈≈P≈≈≈≈≈≈≈#≈≈##.......
≈≈≈≈≈≈≈≈≈≈≈≈#≈≈≈≈≈......
#≈≈}?W@≈≈#≈.≈≈≈≈≈......
≈≈≈≈:≈m$≈#≈≈.≈≈##.......
≈≈≈≈%W≈/≈†#††≈P##≈......
≈≈≈≈?/$|≈#≈≈.≈≈≈≈.......
≈≈≈≈≈≈≈H≈≈≈≈#≈≈≈≈≈......
≈≈≈≈≈≈≈≈≈≈≈≈#≈≈.#..÷....
≈≈≈≈≈≈≈≈≈≈P.#≈≈##.......
####≈≈≈≈#####≈≈≈≈≈......
P≈k≈≈≈ #≈≈≈≈≈......


You could see a merfolk avatar, 2 drowned souls and a friendly larval stingweird
beast.

Vanquished Creatures
  Gastronok (D:10)
  An orc warlord (Bailey)
  A dire elephant (Lair:6)
  A minotaur (Lab)
  A great orb of eyes (Lair:1)
  Fannar (D:12)
  2 hydras (Lair:1)
  3 two-headed ogres
  A queen ant (Lair:1)
  An unseen horror (D:12)
  A necromancer (IceCv)
  2 cyclopes (D:11)
  3 manticores
  Joseph (D:8)
  6 elephants
  A guardian serpent (Lair:4)
  3 ice statues (IceCv)
  2 black mambas
  10 spiny frogs
  A gargoyle (D:12)
  2 centaur skeletons
  7 komodo dragons
  2 rime drakes
  A freezing wraith (D:12)
  9 ice devils (IceCv)
  3 trolls
  3 polar bears
  8 hippogriffs
  Grinder (D:3)
  4 blink frogs (Lair:4)
  4 wyverns
  A wraith (D:10)
  26 yaks
  A steam dragon (Lair:4)
  Eustachio (D:6)
  2 basilisks (Lair:3)
  A human (D:10)
  A hungry ghost (D:9)
  Menkaure (D:6)
  10 water moccasins
  3 ice beasts
  6 porcupines
  7 orc warriors
  2 phantoms
  A sky beast (D:8)
  4 centaurs
  10 crocodiles
  A big kobold (D:10)
  15 bullfrogs
  A wyvern zombie (D:12)
  A scorpion (D:7)
  A wyvern skeleton (D:6)
  19 killer bees
  The ghost of grindst0ne the Chucker, a weakling FoHu (D:3)
  2 troll skeletons (Lab)
  3 howler monkeys (D:9)
  4 draconian simulacra (IceCv)
  9 crimson imps
  A quasit (D:6)
  4 orc priests
  5 bullfrog skeletons
  3 jellies
  3 bullfrog zombies
  10 hounds
  13 orc wizards
  3 iguanas
  Terence (D:3)
  Natasha (thrice) (D:2)
  A troll simulacrum (IceCv)
  11 worker ants
  A spriggan simulacrum (IceCv)
  A centaur simulacrum (IceCv)
  An ogre skeleton (Lab)
  2 hound skeletons
  4 mummies (Ossuary)
  A worker ant zombie (D:8)
  2 howler monkey zombies
  2 gnolls (Bailey)
  A howler monkey skeleton (D:11)
  A naga simulacrum (IceCv)
  10 adders
  2 ogre simulacra (IceCv)
  5 shadow imps
  12 white imps (Lair:1)
  An ooze (D:5)
  2 adder zombies
  3 worms
  3 leopard geckos
  35 orcs
  2 giant cockroaches
  2 gnoll zombies (Ossuary)
  3 goblins (Bailey)
  6 hobgoblins
  9 jackals
  8 quokkas
  A ball python (D:4)
  5 bats
  12 frilled lizards
  2 gnoll skeletons (Ossuary)
  3 goblin skeletons (Ossuary)
  3 goblin zombies (Ossuary)
  6 hobgoblin skeletons (Ossuary)
  4 hobgoblin zombies (Ossuary)
  23 kobolds
  4 kobold skeletons (Ossuary)
  2 kobold zombies (Ossuary)
  A leopard gecko zombie (D:7)
  4 orc skeletons (Ossuary)
  8 orc zombies (Ossuary)
  6 rats
  2 rat skeletons (Ossuary)
  2 rat zombies (Ossuary)
  A butterfly (Lair:5)
487 creatures vanquished.

Vanquished Creatures (collateral kills)
  An elephant (Lair:6)
1 creature vanquished.

Vanquished Creatures (others)
  A gnoll zombie (Ossuary)
  2 kobold skeletons (Ossuary)
  2 orc skeletons (Ossuary)
  2 orc zombies (Ossuary)
  A rat zombie (Ossuary)
  A fungus (Lair:6)
  2 plants (Lair:6)
11 creatures vanquished.

Grand Total: 499 creatures vanquished

Notes
Turn   | Place    | Note
-------+----------+-------------------------------------------
     0 | D:1      | grindst0ne the Formicid Hunter began the quest for the Orb.
     0 | D:1      | Reached XP level 1. HP: 16/16 MP: 1/1
    83 | D:1      | Reached XP level 2. HP: 17/23 MP: 2/2
    88 | D:1      | Reached skill level 3 in Fighting
  1059 | D:2      | Reached XP level 3. HP: 27/29 MP: 3/3
  1120 | D:2      | Reached skill level 4 in Fighting
  1263 | D:2      | Reached XP level 4. HP: 26/38 MP: 4/4
  1279 | D:2      | Found a sparkling altar of Nemelex Xobeh.
  1826 | D:2      | Reached skill level 5 in Fighting
  1909 | D:3      | Reached XP level 5. HP: 31/44 MP: 3/5
  1972 | D:3      | Noticed Grinder
  2042 | D:3      | Killed Grinder
  2042 | D:3      | Reached skill level 7 in Fighting
  2042 | D:3      | Reached XP level 6. HP: 20/55 MP: 3/6
  2355 | D:3      | Noticed grindst0ne's ghost (weakling FoHu)
  2358 | D:3      | Noticed Natasha
  2392 | D:2      | Killed Natasha
  2473 | D:2      | Noticed Natasha
  2493 | D:2      | Killed Natasha
  2892 | D:2      | Noticed Natasha
  2906 | D:2      | Killed Natasha
  2906 | D:2      | Reached XP level 7. HP: 48/61 MP: 7/7
  2975 | D:3      | Noticed Terence
  3005 | D:3      | Killed Terence
  3169 | D:3      | Killed grindst0ne's ghost
  3169 | D:3      | Reached skill level 8 in Fighting
  3254 | D:3      | Found a hazy altar of Hepliaklqana.
  3260 | D:3      | Found a shimmering altar of Xom.
  3260 | D:3      | Noticed a soldier ant
  3261 | D:3      | Noticed a spectral ugly thing
  3261 | D:3      | Noticed a soldier ant
  3288 | D:3      | Found a sacrificial altar of Ru.
  3450 | D:4      | Found an ancient bone altar of Kikubaaqudgha.
  3671 | D:4      | Found a staircase to the Ecumenical Temple.
  3686 | Temple   | Entered the Ecumenical Temple
  3693 | Temple   | Became a worshipper of the Shining One
  3929 | D:4      | Reached skill level 9 in Fighting
  4369 | D:4      | Reached XP level 8. HP: 58/71 MP: 6/8
  4550 | D:5      | Entered Level 5 of the Dungeon
  4690 | D:5      | Got a dazzling war axe
  4702 | D:5      | Identified the +5 war axe of the Moth {chop, +Fly MP+9 Int+6 Dex-2} (You found it on level 5 of the Dungeon)
  4845 | D:5      | Reached skill level 1 in Axes
  5432 | D:6      | Noticed a yak
  5445 | D:6      | Killed a yak
  5452 | D:6      | Reached skill level 10 in Fighting
  5545 | D:6      | Noticed Menkaure
  5547 | D:6      | Got a pitted leather armour
  5554 | D:6      | Killed Menkaure
  5578 | D:6      | Reached * piety under the Shining One
  5939 | D:6      | Reached XP level 9. HP: 75/79 MP: 9/9
  6002 | D:6      | Identified the +1 leather armour of Cowardice {rN+ Dex+2} (You found it on level 6 of the Dungeon)
  6138 | D:6      | Reached skill level 1 in Armour
  6152 | D:6      | Noticed Eustachio
  6161 | D:6      | Killed Eustachio
  6171 | D:6      | Reached skill level 5 in Axes
  6226 | D:6      | Reached skill level 11 in Fighting
  6575 | D:7      | Noticed a hippogriff
  6582 | D:7      | Killed a hippogriff
  6875 | D:7      | Noticed a hippogriff
  6885 | D:7      | Killed a hippogriff
  6885 | D:7      | Reached XP level 10. HP: 77/88 MP: 10/10
  6907 | D:7      | Reached ** piety under the Shining One
  7357 | D:7      | Found a shadowy altar of Dithmenos.
  7477 | D:8      | Noticed Joseph
  7503 | D:8      | Killed Joseph
  7503 | D:8      | Reached skill level 5 in Armour
  7587 | D:8      | Found a sand-covered staircase.
  7592 | Ossuary  | Entered an ossuary
  7600 | Ossuary  | Reached skill level 12 in Fighting
  7631 | Ossuary  | Reached *** piety under the Shining One
  7694 | Ossuary  | Reached **** piety under the Shining One
  7810 | Ossuary  | Reached ***** piety under the Shining One
  8560 | D:8      | Got a slimy war axe
  8561 | D:8      | Identified the +8 war axe of Descent {drain, rElec Int+4 Stlth+} (You found it on level 8 of the Dungeon)
  8601 | D:9      | Found a flagged portal.
  8616 | Bailey   | Entered a bailey
  8621 | Bailey   | Noticed an orc warlord
  8679 | Bailey   | Found a runed gate.
  8679 | Bailey   | Found a runed gate.
  8679 | Bailey   | Found a runed gate.
  8806 | Bailey   | Killed an orc warlord
  8826 | Bailey   | Identified the Disquisition on Ashen Weightlessness
  9026 | D:9      | Found a hide-covered altar of Uskayaw.
  9034 | D:9      | Reached XP level 11. HP: 96/96 MP: 11/11
  9097 | D:9      | Noticed a two-headed ogre
  9107 | D:9      | Killed a two-headed ogre
  9147 | D:9      | Found a staircase to the Lair.
  9273 | D:9      | Reached skill level 13 in Fighting
  9470 | D:9      | Found an ornate altar of the Wu Jian Council.
  9472 | D:9      | Found a basalt altar of Yredelemnul.
  9487 | D:10     | Entered Level 10 of the Dungeon
  9612 | D:10     | Noticed Gastronok
  9647 | D:10     | Killed Gastronok
  9833 | D:10     | Reached XP level 12. HP: 97/105 MP: 12/12
 10191 | D:11     | Reached skill level 14 in Fighting
 10191 | D:11     | Reached skill level 10 in Armour
 10191 | D:11     | Reached XP level 13. HP: 114/114 MP: 13/13
 10192 | D:11     | Reached XP level 14. HP: 121/121 MP: 19/19
 10248 | D:11     | Found a staircase to the Orcish Mines.
 10266 | D:11     | Found a roughly hewn altar of Beogh.
 10868 | D:11     | Found a sacrificial altar of Ru.
 10937 | D:11     | Found a sacrificial altar of Ru.
 11190 | D:12     | Found Jaeczar's Antique Armour Emporium.
 11199 | D:12     | Bought an embroidered cloak for 210 gold pieces
 11199 | D:12     | Bought a large shield for 126 gold pieces
 11225 | D:12     | Noticed Fannar
 11238 | D:12     | Killed Fannar
 11238 | D:12     | Reached skill level 1 in Shields
 11677 | Lair:1   | Entered Level 1 of the Lair of Beasts
 11727 | Lair:1   | Reached ****** piety under the Shining One
 11753 | Lair:1   | Reached skill level 15 in Fighting
 11767 | Lair:1   | Found a frozen archway.
 11807 | IceCv    | Entered an ice cave
 11837 | IceCv    | Reached skill level 5 in Shields
 13149 | Lair:2   | Found a labyrinth entrance.
 13158 | Lab      | Entered a labyrinth
 13563 | Lair:2   | Reached XP level 15. HP: 101/129 MP: 20/20
 14244 | Lair:3   | Reached skill level 10 in Shields
 14323 | Lair:3   | Got an ancient battleaxe
 14324 | Lair:3   | Identified the cursed +0 battleaxe of Nahiomn {protect, Stlth+} (You found it on level 3 of the Lair of Beasts)
 14335 | Lair:3   | Found a staircase to the Shoals.
 15261 | Lair:4   | Found a staircase to the Snake Pit.
 15939 | Lair:5   | Found a staircase to the Slime Pits.
 16313 | Lair:6   | Entered Level 6 of the Lair of Beasts
 16619 | Lair:6   | Drowned by a drowned soul

Skill      XL: |  1  2  3  4  5  6  7  8  9 10 11 12 13 14 15 |
---------------+----------------------------------------------+-----
Fighting       | 3 4 5 7 9 10 11 12 13 14 15 | 15.0
Axes           | 4 6 8 9 11 12 13 | 13.1
Armour         | 4 7 9 10 11 | 11.1
Invocations    | 7 |  7.0
Evocations     | 6 |  6.4
Shields        | 9 12 | 12.1
Throwing       | |  4.0
Dodging        | |  1.7
Stealth        | |  1.2

Action                   |  1- 3 |  4- 6 |  7- 9 | 10-12 | 13-15 || total
-------------------------+-------+-------+-------+-------+-------++-------
Melee: Short sword       |   124 |   148 |   180 |       |       ||   452
       Unarmed           |       |    24 |       |       |       ||    24
       War axe           |       |       |   137 |   353 |   691 ||  1181
Throw: Javelin           |    11 |    12 |    13 |       |       ||    36
       Throwing net      |       |     2 |     1 |       |       ||     3
 Abil: Dig               |       |     4 |     8 |    10 |     3 ||    25
Evoke: Wand              |       |       |       |     5 |    27 ||    32
       Lightning rod     |       |       |       |       |     7 ||     7
       Box of beasts     |       |       |       |       |     2 ||     2
  Use: Potion            |       |     3 |     2 |     4 |     5 ||    14
       Scroll            |       |       |    17 |     5 |    14 ||    36
 Stab: Sleeping          |     1 |       |       |       |       ||     1
  Eat: Chunk             |     1 |     5 |    12 |    14 |    14 ||    46
       Ration            |       |       |     1 |       |     2 ||     3
Armor: Leather armour    |    19 |       |       |       |       ||    19
       Chain mail        |    32 |    87 |   149 |       |       ||   268
       Skin              |       |     5 |       |       |       ||     5
       Gold dragon scale |       |       |   147 |   339 |   679 ||  1165
Dodge: Dodged            |    79 |    81 |    85 |    63 |   147 ||   455
